 Dungeon Crawl Stone Soup version 0.20.0-15-g7f486f2 (webtiles) character file.

604 Kosschaser the Slasher (level 7, -6/53 HPs)
             Began as a Merfolk Gladiator on June 20, 2017.
             Mangled by Sigmund
             ... wielding a +2 scythe of slicing
              (14 damage)
             ... on level 4 of the Dungeon.
             The game lasted 00:10:39 (4357 turns).

Kosschaser the Slasher (Merfolk Gladiator)          Turns: 4357, Time: 00:10:40

Health: -6/53      AC:  5    Str: 14    XL:     7   Next: 42%
Magic:  7/7        EV: 16    Int: 13    God:
Gold:   302        SH:  0    Dex: 17    Spells: 6/6 levels left

rFire    . . .     SeeInvis .   a - +0 long sword
rCold    . . .     Gourm    .   (no shield)
rNeg     . . .     Faith    .   E - +0 robe (curse)
rPois    .         Spirit   .   c - +0 helmet
rElec    .         Reflect  .   t - +2 cloak
rCorr    .         Harm     .   (no gloves)
MR       .....     Rnd*Rage +   (no boots)
Stlth    ++........             u - amulet of rage
Regen    0.2/turn               B - +5 ring of intelligence
MPRegen  0.1/turn               (no ring)

@: berserk cooldown, slowed, very slow
A: change form in water, swift swim, stealthy swim, berserk 1, blink, blurry
vision 1, deformed body
a: Blink, Evoke Berserk Rage


You were on level 4 of the Dungeon.
You were near starving.

You visited 1 branch of the dungeon, and saw 4 of its levels.

You collected 302 gold pieces.

Inventory:

Hand Weapons
 a - a +0 long sword (weapon)
Missiles
 d - 3 throwing nets (quivered)
Armour
 b - a +0 leather armour
 c - a +0 helmet (worn)
 t - a +2 cloak (worn)
 E - a cursed +0 robe (worn)
Jewellery
 u - an amulet of rage (around neck)
 v - an uncursed amulet of the gourmand
 B - a +5 ring of intelligence (left hand)
Wands
 q - a wand of flame (20/48)
 w - a wand of polymorph (15/24)
Scrolls
 e - a scroll of fear
 k - 3 scrolls of remove curse
 l - a scroll of amnesia
 m - a scroll of magic mapping
 r - 3 scrolls of immolation
 y - 5 scrolls of teleportation
 C - a scroll of recharging
 D - a scroll of enchant weapon
Potions
 h - a potion of heal wounds {unknown}
 j - 2 potions of haste {unknown}
 n - a potion of ambrosia {unknown}
 o - a potion of might {unknown}
 p - a potion of magic {unknown}
 s - a potion of flight {unknown}
 z - a potion of curing {unknown}
 A - 2 potions of cancellation {unknown}
Comestibles
 f - 4 bread rations
 g - 2 meat rations


   Skills:
 + Level 3.8 Fighting
 + Level 6.4 Long Blades
 - Level 2.0 Throwing
 + Level 2.1 Armour
 + Level 6.0 Dodging
 + Level 1.7 Stealth
 + Level 0.2 Evocations


You had 6 spell levels left.
You didn't know any spells.

Dungeon Overview and Level Annotations

Branches:
Dungeon (4/15)
 Temple: D:4-7

Altars:
Ashenzari
Hepliaklqana

Annotations:
D:4 Sigmund


Innate Abilities, Weirdness & Mutations

You revert to your normal form in water.
You are very nimble and swift while swimming.
You are very stealthy in the water. (Stealth+)
You tend to lose your temper in combat.
You can translocate small distances at will.
Scrolls take you a little longer to read.
Armour fits poorly on your strangely shaped body.


Message History

You bump into the rock wall.
You barely miss something. Something hits you but does no damage.
You miss something. You miss something. Something hits you!
* * * LOW HITPOINT WARNING * * *
You bump into the rock wall.
You're too confused to attack without stumbling around!
You're too confused to attack without stumbling around!
You're too confused to attack without stumbling around!
You bump into the rock wall.
You feel a strong urge to attack something.
You are no longer berserk.
You are exhausted.
You feel yourself slow down. Something hits you!
* * * LOW HITPOINT WARNING * * *
x2 You bump into the rock wall.
Something hits you but does no damage.
You're too confused to move!
You feel less confused. Something hits you!
You die...

######## #......#
###......# ######
#.'......###....#
#.#.......##....#
#.#.......##....##
#.#...............
#.###+#+#.#.......
#@# #.#.##....
#######{#
#.#.##....
#.....oh###
#.#.##....
#....##...#
#.#.######
#.##....#<# #.)>#
# #..#....# #####
# ....#.#### #
..### #.# # . #.#
#


You could see a hound and an orc.

Vanquished Creatures
  A scorpion (D:4)
  2 hounds (D:4)
  An orc priest (D:4)
  An orc wizard (D:4)
  Crazy Yiuf (D:2)
  Natasha (thrice) (D:2)
  3 worker ants
  7 gnolls (D:2)
  10 adders
  2 adder skeletons (D:3)
  An adder zombie (D:3)
  5 worms
  A dart slug (D:4)
  2 leopard geckos (D:2)
  13 orcs
  4 bats
  3 giant cockroaches
  5 goblins
  6 hobgoblins
  6 jackals
  2 ball pythons (D:3)
  2 frilled lizards
  A giant cockroach zombie (D:3)
  A jackal skeleton (D:3)
  4 kobolds
  A leopard gecko skeleton (D:3)
  A quokka zombie (D:3)
  5 rats
94 creatures vanquished.

Notes
Turn   | Place    | Note
-------+----------+-------------------------------------------
     0 | D:1      | Kosschaser the Merfolk Gladiator began the quest for the Orb.
     0 | D:1      | Reached XP level 1. HP: 16/16 MP: 1/1
   305 | D:1      | Reached XP level 2. HP: 22/22 MP: 2/2
   719 | D:2      | Found a runed door.
   746 | D:2      | Noticed Natasha
   748 | D:2      | Killed Natasha
   748 | D:2      | Reached XP level 3. HP: 17/28 MP: 3/3
   931 | D:2      | Reached XP level 4. HP: 11/34 MP: 4/4
  1300 | D:2      | Found a hazy altar of Hepliaklqana.
  1300 | D:2      | Found a shattered altar of Ashenzari.
  1333 | D:2      | Reached skill level 1 in Armour
  1333 | D:2      | Reached skill level 5 in Dodging
  1672 | D:2      | Reached XP level 5. HP: 22/39 MP: 5/5
  1742 | D:2      | Noticed Natasha
  1750 | D:2      | Killed Natasha
  1933 | D:2      | Noticed Natasha
  1950 | D:2      | Reached skill level 5 in Long Blades
  1953 | D:2      | Killed Natasha
  2326 | D:2      | Noticed Crazy Yiuf
  2332 | D:2      | Killed Crazy Yiuf
  2332 | D:2      | Reached XP level 6. HP: 32/46 MP: 0/6
  3395 | D:4      | Reached skill level 1 in Stealth
  3438 | D:4      | HP: 1/47 [orc wizard/dagger (2)]
  3439 | D:4      | Reached XP level 7. HP: 1/52 MP: 7/7
  4308 | D:4      | Gained mutation: Your body sometimes deteriorates upon taking damage. [potion of mutation]
  4308 | D:4      | Gained mutation: Your spells are a little harder to cast, but a little more powerful. [potion of mutation]
  4309 | D:4      | Lost mutation: Your body sometimes deteriorates upon taking damage. [potion of mutation]
  4309 | D:4      | Lost mutation: Your spells are a little harder to cast, but a little more powerful. [potion of mutation]
  4309 | D:4      | Gained mutation: Your spells are a little easier to cast, but a little less powerful. [potion of mutation]
  4309 | D:4      | Gained mutation: You expend magic power (3 MP) to strengthen your wands. [potion of mutation]
  4309 | D:4      | Gained mutation: Your mind is acute. (Int +2) [potion of mutation]
  4309 | D:4      | Gained mutation: You are agile. (Dex +2) [potion of mutation]
  4310 | D:4      | Lost mutation: Your mind is acute. (Int +2) [potion of mutation]
  4310 | D:4      | Lost mutation: You are agile. (Dex +2) [potion of mutation]
  4310 | D:4      | Lost mutation: You expend magic power (3 MP) to strengthen your wands. [potion of mutation]
  4310 | D:4      | Lost mutation: Your spells are a little easier to cast, but a little less powerful. [potion of mutation]
  4310 | D:4      | Gained mutation: You tend to lose your temper in combat. [potion of mutation]
  4310 | D:4      | Gained mutation: Armour fits poorly on your strangely shaped body. [potion of mutation]
  4310 | D:4      | Gained mutation: Scrolls take you a little longer to read. [potion of mutation]
  4310 | D:4      | Gained mutation: You can translocate small distances at will. [potion of mutation]
  4330 | D:4      | Noticed Sigmund
  4357 | D:4      | Mangled by Sigmund

Skill      XL: |  1  2  3  4  5  6  7 |
---------------+----------------------+-----
Long Blades    | 4 5 6 |  6.4
Armour         | 1 2 |  2.1
Dodging        | 5 6 |  6.0
Fighting       | 3 |  3.8
Stealth        | 1 |  1.7
Throwing       | |  2.0
Evocations     | |  0.2

Action                   |  1- 3 |  4- 6 |  7- 9 || total
-------------------------+-------+-------+-------++-------
Melee: Long sword        |    63 |   191 |    64 ||   318
 Abil: Evoke Berserk Rag |       |     1 |     1 ||     2
Evoke: Wand              |       |     2 |       ||     2
  Use: Scroll            |       |       |     9 ||     9
       Potion            |       |       |     3 ||     3
 Stab: Sleeping          |       |     2 |     1 ||     3
  Eat: Chunk             |       |    13 |     3 ||    16
Armor: Leather armour    |    19 |    50 |    15 ||    84
       Robe              |       |       |     3 ||     3
Dodge: Dodged            |    48 |   157 |    52 ||   257
       Rpst.: Long sword |    16 |    49 |    15 ||    80
